[Event "Late-Titled-Tuesday-Blitz-December-26-2023"]
[Site "Chess.com"]
[Date "2023.12.26"]
[Round "5"]
[White "Cipy77"]
[Black "oskariot"]
[Result "0-1"]
[WhiteElo "2582"]
[BlackElo "2838"]
[TimeControl "180+1"]
[EndTime "14:55:14 PST"]
[Termination "oskariot won by resignation"]

1. Nf3 c5 2. e3 g6 3. g3 Nf6 4. Bg2 Bg7 5. O-O O-O 6. b3 Ne4 7. c3 d5 8. d4 Nc6 9. Bb2 Bf5 10. Nbd2 Rc8 11. Rc1 Qa5 12. Nh4 Qxa2 13. Nxf5 gxf5 14. Nxe4 dxe4 15. Ba1 cxd4 16. cxd4 Nb4 17.
Qh5 Rxc1 18. Rxc1 e6 19. g4 Nd3 20. Rf1 Qe2 21. h3 Ne1 22. Qg5 Nxg2 23. Kxg2 Qf3+ 24. Kh2 h6 25. Qh4 Rc8 26. gxf5 Qxf5 27. Rg1 Rc2 28. Rg2 Kh7 29. Qg3 Qf6 30. b4 a6 31.
Qg4 Rxf2 32. Qxe4+ Qf5 33. Qxb7 Rxg2+ 34. Qxg2 h5 35. e4 Qf4+ 36. Kh1 Bh6 37. Bb2 Qe3 38. d5 Qe1+ 39. Qg1 Qxe4+ 40. Qg2 Qb1+ 0-1

[Event "Late-Titled-Tuesday-Blitz-December-26-2023"]
[Site "Chess.com"]
[Date "2023.12.26"]
[Round "5"]
[White "StellarChess"]
[Black "MelihKaanCan"]
[Result "1-0"]
[WhiteElo "2528"]
[BlackElo "2372"]
[TimeControl "180+1"]
[EndTime "14:55:14 PST"]
[Termination "StellarChess won on time"]

1. b4 e5 2. Bb2 d6 3. e3 Nf6 4. d4 Nbd7 5. Nf3 exd4 6. Nxd4 d5 7.
a3 a5 8. b5 g6 9. Be2 Bg7 10.
Nd2 O-O 11. O-O Ne5 12. N2f3 Ne4 13. Nxe5 Bxe5 14. Nc6 Bxh2+ 15. Kxh2 Qh4+ 16. Kg1 bxc6 17. Qd4 f6 18. f3 Qh5 19. bxc6 Ng3 20. Rfe1 Rb8 21.
Bd3 Bh3 22. Kf2 Rxb2 23. Qxb2 Qh4 24. Kg1 Be6 25. Qd4 Qg5 26. Qf4 Qxf4 27. exf4 Bf5 28. Re7 Bxd3 29. cxd3 Rc8 30. Kf2 Nf5 31. Re6 Kf7 32.
Rae1 h5 33. g4 hxg4 34. fxg4 Nd4 35. Re7+ Kf8 36. Rh7 Kg8 37. Reh1 Re8 38. Rh8+ Kf7 39. R1h7+ Ke6 40. Rxe8+ Kd6 41. Re3 Nxc6 42. Rf7 Nd4 43. Rxf6+ Kc5 44. Rxg6 c6 45. f5 1-0

[Event "Late-Titled-Tuesday-Blitz-December-26-2023"]
[Site "Chess.com"]
[Date "2023.12.26"]
[Round "5"]
[White "Eternauta2400"]
[Black "rasmussvane"]
[Result "0-1"]
[WhiteElo "2826"]
[BlackElo "2916"]
[TimeControl "180+1"]
[EndTime "14:55:15 PST"]
[Termination "rasmussvane won by resignation"]

1. c4 e6 2. g3 d5 3. Bg2 Nf6 4. Nf3 Be7 5. d4 O-O 6. Nc3 Nbd7 7. Qd3 Nb6 8. b3 dxc4 9. bxc4 c5 10. O-O cxd4 11. Nxd4 Qc7 12. Bf4 Qxc4 13. Ndb5 Qxd3 14. exd3 Bb4 15. Rab1 Bxc3 16. Nxc3 Rd8 17. Bc7 Rxd3 18.
Rfd1 Rxd1+ 19. Rxd1 Nbd5 20. Bxd5 exd5 21. Nxd5 Nxd5 22. Rxd5 Be6 23. Rd2 Rc8 24. Bf4 f6 25.
Be3 b6 26. Kg2 Rc4 27. a3 Kf7 28. Rd3 g5 29. Bd4 h5 30. h4 Bd5+ 31. f3 g4 32. Kf2 Rc2+ 33. Ke3 gxf3 34. Rd2 Rc6 35. Bxb6 Rxb6 36. Rxd5 Rb3+ 37. Kf2 Rxa3 38. Rxh5 a5 39. Rb5 a4 40. Rb7+ Kg6 41. Ra7 Kf5 42. Ra6 Kg4 43. Rxf6 Ra2+ 44. Ke3 0-1

[Event "Late-Titled-Tuesday-Blitz-December-26-2023"]
[Site "Chess.com"]
[Date "2023.12.26"]
[Round "5"]
[White "GMBenjaminBok"]
[Black "Alexander_Khlebovich"]
[Result "1-0"]
[WhiteElo "2968"]
[BlackElo "2759"]
[TimeControl "180+1"]
[EndTime "14:55:17 PST"]
[Termination "GMBenjaminBok won on time"]

1. d4 Nf6 2. c4 g6 3. g3 Bg7 4. Bg2 d5 5. Nf3 O-O 6. O-O c5 7. dxc5 Na6 8. Nc3 dxc4 9. Be3 Ng4 10. Bg5 Bf6 11. c6 bxc6 12. Qa4 Qb6 13. Bxf6 exf6 14. Qxc4 Be6 15. Qd4 Rfd8 16. Qxb6 axb6 17. h3 Nh6 18. g4 Nb4 19. a3 Na6 20. Rad1 Kf8 21.
Nd4 Nc5 22. Nxc6 Rxd1 23. Rxd1 Rc8 24. Nb4 f5 25. g5 Ng8 26. Rd6 Rb8 27. Ncd5 Nd7 28.
Na6 Rc8 29. Nab4 Ne7 30. Nxb6 Nxb6 31. Rxb6 Rc1+ 32. Kh2 f4 33. Nd3 Rc2 34. Nxf4 Nf5 35. Nxe6+ fxe6 36. Rxe6 Rxb2 37. a4 Nd4 38. Re4 Nxe2 39.
a5 Nc3 40. Rc4 Nb5 41. Ra4 1-0

[Event "Late-Titled-Tuesday-Blitz-December-26-2023"]
[Site "Chess.com"]
[Date "2023.12.26"]
[Round "5"]
[White "SlipperySpeedster"]
[Black "liczner"]
[Result "1-0"]
[WhiteElo "2640"]
[BlackElo "2932"]
[TimeControl "180+1"]
[EndTime "14:55:18 PST"]
[Termination "SlipperySpeedster won on time"]

1. Nf3 Nf6 2. b3 d5 3. Bb2 Bg4 4. Ne5 Bh5 5. d4 Nbd7 6. Nd2 e6 7. g3 Nxe5 8. dxe5 Nd7 9. Bg2 c6 10. O-O Bc5 11. Kh1 O-O 12. f4 f6 13. exf6 Nxf6 14. h3 Qe7 15. Qe1 Be3 16. Rd1 b5 17. Nf3 Ne4 18.
Rd3 Bb6 19. Ne5 Rac8 20. Bxe4 dxe4 21. Rd7 Qe8 22. Qc3 b4 23. Qc4 Rc7 24. Rfd1 e3 25. g4 Bg6 26. f5 Bf7 27. Rxf7 Rcxf7 28. Nxf7 Rxf7 29. fxe6 Re7 30. Rd7 Kf8 31. Qf4+ Kg8 32. Qf5 c5 33. Be5 h6 34. h4 Rxd7 35. exd7 Qa8+ 36.
Kh2 Bd8 37. Qe6+ Kh7 38. Qf7 Bf6 39. Bxf6 Qb8+ 40. Kh3 1-0

[Event "Late-Titled-Tuesday-Blitz-December-26-2023"]
[Site "Chess.com"]
[Date "2023.12.26"]
[Round "5"]
[White "slidingknight2775"]
[Black "Marcin"]
[Result "1-0"]
[WhiteElo "2690"]
[BlackElo "2458"]
[TimeControl "180+1"]
[EndTime "14:55:18 PST"]
[Termination "slidingknight2775 won on time"]

1. Nf3 g6 2. d4 Bg7 3. e3 Nf6 4.
b3 O-O 5. Bb2 d6 6. Be2 Nbd7 7.
O-O Qe8 8. c4 e5 9. Nc3 c6 10.
Ba3 e4 11. Nd2 Qe7 12. b4 Re8 13. b5 Nf8 14. Nb3 h5 15. Na5 Qc7 16. Qa4 Bd7 17. bxc6 bxc6 18. c5 d5 19. h3 h4 20. Rfb1 N8h7 21.
Rb7 Qc8 22. Bf1 Ng5 23. Qd1 Qd8 24. Nb3 Bc8 25. Rb4 Bh6 26. Ra4 a5 27. Bc1 Ngh7 28. Bd2 g5 29. Ne2 g4 30. Rxa5 Rxa5 31. Bxa5 Qe7 32.
Bd2 Kh8 33. Nf4 Rg8 34. Kh1 Bxf4 35. exf4 gxh3 36. gxh3 Qe6 37. Kh2 Qf5 38. Be3 Nh5 39. Qd2 Qg6 40. f3 Nxf4 41. Qf2 1-0

[Event "Late-Titled-Tuesday-Blitz-December-26-2023"]
[Site "Chess.com"]
[Date "2023.12.26"]
[Round "5"]
[White "VitorBronson"]
[Black "Doraemon7"]
[Result "0-1"]
[WhiteElo "2543"]
[BlackElo "2690"]
[TimeControl "180+1"]
[EndTime "14:55:20 PST"]
[Termination "Doraemon7 won by resignation"]

1. c4 e5 2. Nc3 Nf6 3. g3 h6 4. Bg2 Bb4 5. Qb3 a5 6. a3 Bxc3 7. Qxc3 d6 8. Nf3 O-O 9. O-O a4 10. d4 e4 11. Ne1 Re8 12. Bf4 Nc6 13. Rd1 Bf5 14. Nc2 Qd7 15. Ne3 Bh3 16. Nd5 Nxd5 17. cxd5 Ne7 18. Bxh3 Qxh3 19. Qxc7 Nxd5 20. Qxd6 Rad8 21.
Qc5 Nf6 22. g4 Rd5 23. Qc3 Qxg4+ 24. Qg3 Qf5 25. Be5 Nh5 26. Qe3 Re6 27. f3 Rg6+ 28.
Kf2 Qh3 29. Ke1 exf3 30. Qxf3 Qe6 31. e4 Rb5 32. Rd2 Rg4 33. Rdf2 f6 34. h3 Rh4 35. Bh2 Rxe4+ 36. Re2 Rxe2+ 37. Qxe2 Qxe2+ 38. Kxe2 Rxb2+ 39. Kd3 Rxh2 40. Rb1 Rxh3+ 41. Ke4 Rb3 42. Rc1 Rxa3 43. d5 Ra2 44. d6 Re2+ 45. Kd5 Rd2+ 46. Ke6 Nf4+ 47.
Ke7 Nd5+ 48. Ke8 Nb6 49. Ke7 a3 50. Rb1 Nc8+ 51. Kd7 Nxd6 52. Ke7 a2 53. Ra1 Ne4 54. Ke6 Nc3 55. Rc1 b5 56. Rxc3 a1=Q 57. Rc8+ Kh7 58. Kf7 Qa2+ 59. Kf8 Qe6 60. Re8 Qd6+ 61. Kf7 Qd7+ 62. Re7 Qxe7+ 63. Kxe7 b4 0-1

[Event "Late-Titled-Tuesday-Blitz-December-26-2023"]
[Site "Chess.com"]
[Date "2023.12.26"]
[Round "5"]
[White "PapaieDudu"]
[Black "IMRosen"]
[Result "0-1"]
[WhiteElo "2507"]
[BlackElo "2701"]
[TimeControl "180+1"]
[EndTime "14:55:22 PST"]
[Termination "IMRosen won on time"]

1. e4 c5 2. Nf3 e6 3. d4 cxd4 4. c3 dxc3 5. Nxc3 Nc6 6. Bd3 Bb4 7. O-O Nge7 8. Bg5 f6 9. Bd2 O-O 10. a3 Bxc3 11. Bxc3 d5 12. Qe2 d4 13. Bd2 e5 14.
Bc4+ Kh8 15. h3 Qe8 16. b4 a6 17. b5 axb5 18. Bxb5 g5 19. Nh2 Ng6 20. Bb4 Rf7 21.
Ng4 Nf4 22. Qf3 h5 23. Nh2 Rg7 24. Kh1 g4 25. hxg4 hxg4 26. Qg3 Qh5 27. Bd2 Qh6 28. f3 gxf3 29. Qxf3 Bg4 30. Qf2 Rag8 31. Bxf4 exf4 32. Qxf4 Rh7 33. Qxf6+ Qxf6 34. Rxf6 Ne5 35. Raf1 d3 36. Rd6 Be2 37. Rf5 Ng4 38. Kg1 Ne3 39. Rf2 Rc8 40.
Rxe2 dxe2 41. Bxe2 Rg7 42. Nf3 Nc4 43. Kf2 Nxd6 44.
e5 Nf5 0-1

[Event "Late-Titled-Tuesday-Blitz-December-26-2023"]
[Site "Chess.com"]
[Date "2023.12.26"]
[Round "5"]
[White "Anar_Aliakbarov"]
[Black "johnmez"]
[Result "1-0"]
[WhiteElo "2505"]
[BlackElo "2301"]
[TimeControl "180+1"]
[EndTime "14:55:22 PST"]
[Termination "Anar_Aliakbarov won on time"]

1. d4 Nf6 2. c4 c5 3. d5 e6 4. Nc3 exd5 5. cxd5 d6 6. Nf3 g6 7. Nd2 Bg7 8. e4 O-O 9. Be2 Re8 10. O-O Na6 11.
f3 Nc7 12. a4 b6 13. Nb5 a6 14.
Nxc7 Qxc7 15. Nc4 Nd7 16. Bf4 Ne5 17. Qb3 Nxc4 18. Bxc4 Rb8 19. Rfc1 b5 20. axb5 axb5 21. Bf1 c4 22. Qb4 Rb6 23. Be3 Rb7 24. Ra6 Rd8 25. Rc6 Qe7 26. Ra1 f5 27. Bf4 Bd4+ 28. Kh1 Bc5 29. Qe1 fxe4 30. fxe4 Qf6 31. Qd2 Rf8 32.
g3 Bd7 33. e5 Qf5 34. exd6 g5 35. Rxc5 gxf4 36. Qxf4 Qxf4 37. gxf4 Rxf4 38. Rc7 Rxc7 39.
dxc7 Rd4 40. Bg2 Kf7 41. h3 Ke7 42. Ra8 Kd6 43. c8=Q Bxc8 44. Rxc8 Rd2 45. Rc6+ Ke5 46. Re6+ Kf4 47. d6 Rxb2 48. d7 Rd2 49. Bc6 c3 50. Bxb5 c2 51. Rc6 Rd1+ 52. Kg2 Rd2+ 53. Kf1 Rxd7 54.
Rc4+ 1-0

[Event "Late-Titled-Tuesday-Blitz-December-26-2023"]
[Site "Chess.com"]
[Date "2023.12.26"]
[Round "5"]
[White "Iball95"]
[Black "ozates"]
[Result "1/2-1/2"]
[WhiteElo "2817"]
[BlackElo "2616"]
[TimeControl "180+1"]
[EndTime "14:55:25 PST"]
[Termination "Game drawn by repetition"]

1. e4 e5 2. Nf3 Nc6 3. Nc3 Nf6 4.
Bb5 Bd6 5. a3 O-O 6. d3 h6 7. g4 Nd4 8. g5 hxg5 9. Bxg5 c6 10. Bc4 Ne6 11. Bh4 Nf4 12. Rg1 Be7 13. Qd2 d5 14.
Ba2 dxe4 15. Bxf6 Bxf6 16. Nxe4 Bf5 17. Nxf6+ Qxf6 18. O-O-O Rad8 19. Qe3 Be6 20. Bxe6 Qxe6 21. Nxe5 Rfe8 22. Qxf4 Qxe5 23. Qxe5 Rxe5 24. Rde1 Rde8 25. Kd2 Kf8 26. f4 Rh5 27. Rxe8+ Kxe8 28. Rxg7 Rxh2+ 29. Kc3 Rh4 30. Rg8+ Kd7 31. f5 Rh5 32. f6 Rf5 33.
Rb8 Kc7 34. Re8 Rxf6 35. Re7+ Kb6 36. b4 Rf1 37. a4 a5 38. bxa5+ Ka6 39. Kb4 f5 40.
Re8 Ka7 41. Rf8 f4 42. Kc5 f3 43. a6 b6+ 44. Kxc6 f2 45. d4 Rd1 46. Rxf2 Rxd4 47. Kb5 Rd5+ 48. Kb4 Kxa6 49. c4 Rh5 50. Rd2 Rg5 51.
Rd5 Rg1 52. Rb5 Rb1+ 53. Kc3 Rc1+ 54. Kb3 Rb1+ 55. Kc3 Rc1+ 56. Kd3 Rd1+ 57. Kc3 Rc1+ 1/2-1/2

[Event "Late-Titled-Tuesday-Blitz-December-26-2023"]
[Site "Chess.com"]
[Date "2023.12.26"]
[Round "5"]
[White "karinachess1"]
[Black "ATM622"]
[Result "0-1"]
[WhiteElo "2551"]
[BlackElo "2423"]
[TimeControl "180+1"]
[EndTime "14:55:27 PST"]
[Termination "ATM622 won by resignation"]

1. d4 Nf6 2. c4 e6 3. Nc3 Bb4 4. Qc2 O-O 5. Nf3 b6 6. a3 Bxc3+ 7. Qxc3 Bb7 8. e3 c5 9. Be2 cxd4 10. exd4 d5 11.
O-O dxc4 12. Bxc4 Qc7 13. Ne5 Rc8 14. Bf4 Nd5 15. Bxd5 Qxc3 16. bxc3 exd5 17. Bd2 f6 18. Nd3 Ba6 19. c4 dxc4 20. Nb4 c3 21. Nxa6 Nxa6 22.
Be3 Rc4 23. d5 Kf7 24. Rfd1 c2 25. Rd3 Rac8 26. Rc1 Rc3 27. Rxc3 Rxc3 28. Kf1 Ke7 29. Ke2 Kd6 30. Kd2 Rc4 31. Rxc2 Rxc2+ 32. Kxc2 Kxd5 33. h4 h5 34. Kc3 Nc7 35. Kd3 Nb5 36. a4 Nd6 37.
Kc3 Nf5 38. Bf4 Nxh4 39. g3 Ng6 40. Bb8 a6 41. Kb4 Ne7 42. Bc7 Nc6+ 43. Kc3 b5 44. axb5 axb5 45. Kb3 Ke4 46. Bd6 Kf3 47. Bf8 g5 48.
Bg7 f5 49. Bh6 Kxf2 50. Bxg5 Kxg3 51. Kc3 h4 52. Kd3 h3 53. Ke3 h2 54. Bf4+ Kg2 55. Bxh2 Kxh2 56. Kf4 b4 57. Kxf5 0-1

[Event "Late-Titled-Tuesday-Blitz-December-26-2023"]
[Site "Chess.com"]
[Date "2023.12.26"]
[Round "5"]
[White "ural58"]
[Black "lukazz029"]
[Result "1/2-1/2"]
[WhiteElo "2482"]
[BlackElo "2009"]
[TimeControl "180+1"]
[EndTime "14:55:29 PST"]
[Termination "Game drawn by repetition"]

1. e4 c5 2. b3 e6 3. Nf3 d5 4.
Bb5+ Bd7 5. Qe2 a6 6. Bxd7+ Qxd7 7. Ne5 Qd8 8. exd5 Qxd5 9. O-O Nf6 10. Nc3 Qd8 11.
Bb2 Be7 12. Rad1 O-O 13. f4 Qc7 14. f5 Bd6 15. Rde1 Nbd7 16. Nxd7 Bxh2+ 17. Kh1 Nxd7 18. fxe6 fxe6 19. Qxe6+ Kh8 20. Nd5 Qd6 21. Qxd6 Bxd6 22. d4 Bg3 23. Rd1 cxd4 24. Bxd4 Ne5 25. Ne3 Ng6 26.
Nf5 Be5 27. Bxe5 Nxe5 28. Kh2 Ng4+ 29. Kg3 Rxf5 30. Rxf5 Ne3 31. Rfd5 Nxd1 32. Rxd1 Rc8 33. c4 h6 34. Rd7 b5 35. cxb5 axb5 36. Rb7 Rc3+ 37.
Kg4 Rc2 38. g3 Rxa2 39. Rxb5 Kh7 40. b4 Rb2 41. Rb8 Rb3 42. Kf4 h5 43. g4 hxg4 44. Kxg4 Kg6 45. Kf4 Kf6 46. Ke4 Kg6 47. Kd4 Rb1 48.
Kc4 Kg5 49. Kc3 Rc1+ 50. Kd2 Rb1 51. Kc2 Ra1 52. b5 Kf6 53. Rc8 Ra5 54. b6 Rb5 55. Rc6+ Ke7 56. Kc3 Kd7 57. Rg6 Kc8 58. Kc4 Rb1 59. Kc5 Rc1+ 60. Kb5 Rb1+ 61. Kc5 Rc1+ 62.
Kb5 Rb1+ 63. Kc5 1/2-1/2

[Event "Late-Titled-Tuesday-Blitz-December-26-2023"]
[Site "Chess.com"]
[Date "2023.12.26"]
[Round "5"]
[White "GlavkonVVS"]
[Black "KNVB"]
[Result "1-0"]
[WhiteElo "2529"]
[BlackElo "2705"]
[TimeControl "180+1"]
[EndTime "14:55:32 PST"]
[Termination "GlavkonVVS won on time"]

1. c4 c5 2. Nc3 b6 3. g3 Bb7 4. e4 e6 5. Bg2 Nf6 6. Nge2 d6 7. d4 cxd4 8. Nxd4 a6 9. O-O Qc7 10. Qe2 Be7 11. Be3 Nbd7 12. Rac1 Rc8 13. b3 O-O 14. h3 Nc5 15. f3 Rfe8 16. Bf2 Qb8 17. b4 Ncd7 18.
Rfd1 Bf8 19. a3 g6 20. Nb1 d5 21. Nd2 dxe4 22. Nxe4 Nxe4 23. fxe4 Ne5 24. Nf3 Nxf3+ 25. Bxf3 Ba8 26. Kh2 a5 27. c5 axb4 28. axb4 bxc5 29.
bxc5 Qe5 30. Bd4 Qc7 31. c6 Red8 32. e5 Re8 33. Rc4 Rb8 34. h4 h5 35. Rd2 Bg7 36.
Qe4 Red8 37. Re2 Rb5 38. Qf4 Qc8 39. c7 Rf8 40. Bxa8 Qxa8 41. Rec2 Rc8 42. Rf2 Rf8 43. c8=Q Rxc8 44. Qxf7+ Kh7 45. Qxe6 Rxc4 46. Qxc4 Rb1 47.
Rg2 Qe4 48. Qc3 Re1 49. Qb2 g5 50. hxg5 h4 51. g6+ Qxg6 52. Qf2 Rb1 53. gxh4 Qe4 54. Qg3 1-0

[Event "Late-Titled-Tuesday-Blitz-December-26-2023"]
[Site "Chess.com"]
[Date "2023.12.26"]
[Round "5"]
[White "Nf3c5"]
[Black "Alexei_Gubajdullin"]
[Result "1-0"]
[WhiteElo "2504"]
[BlackElo "2607"]
[TimeControl "180+1"]
[EndTime "14:55:32 PST"]
[Termination "Nf3c5 won by checkmate"]

1. d4 Nf6 2. Nf3 g6 3. Nc3 Bg7 4. e4 d6 5. h3 O-O 6. Be2 Nc6 7.
O-O e6 8. Bg5 h6 9. Be3 b6 10.
Qd2 Kh7 11. Rad1 Bb7 12. Qc1 Qe7 13. Rfe1 a6 14. Bf1 Rfe8 15. e5 dxe5 16. dxe5 Nd7 17. Bf4 Nc5 18. Re3 Red8 19. Rde1 b5 20. h4 b4 21. Ne2 Na5 22. b3 Ne4 23. Ng3 Nxg3 24. Bxg3 Nc6 25. Bd3 Nd4 26. Nh2 Nf5 27. Bxf5 gxf5 28. Nf3 Rg8 29. c3 c5 30. Rd3 Bh8 31.
Rd6 Rg4 32. Nh2 Rg6 33. Red1 Qf8 34. Rd7 Be4 35. cxb4 cxb4 36. Qc7 Rg7 37. Qc1 Rc8 38.
Qf4 Rc2 39. Rd8 Qc5 40. Rxh8+ Kxh8 41. Qxh6+ Kg8 42. Rd8+ Qf8 43. Rxf8+ Kxf8 44. Nf1 Rxa2 45. Ne3 a5 46. Bf4 a4 47. Bg5 f4 48. Bf6 fxe3 49. Qxg7+ Ke8 50. Qg8+ Kd7 51. Qxf7+ Kc6 52. Qxe6+ Kb5 53.
Qc4+ Ka5 54. Bd8# 1-0

[Event "Late-Titled-Tuesday-Blitz-December-26-2023"]
[Site "Chess.com"]
[Date "2023.12.26"]
[Round "5"]
[White "monalize"]
[Black "German_Bazeev"]
[Result "0-1"]
[WhiteElo "2462"]
[BlackElo "2837"]
[TimeControl "180+1"]
[EndTime "14:55:32 PST"]
[Termination "German_Bazeev won by checkmate"]

1. e4 g6 2. d4 Bg7 3. Nc3 d6 4. Be3 Nd7 5. Qd2 c6 6. f4 b5 7. Nf3 Nb6 8. a4 b4 9. Nd1 Nf6 10. Nf2 a5 11. Bd3 Ba6 12. b3 Bxd3 13. cxd3 Nfd7 14.
Rc1 Rc8 15. O-O c5 16. d5 O-O 17. f5 gxf5 18. Bh6 e5 19. Bxg7 Kxg7 20. Nh3 Kh8 21. Qh6 Qf6 22. Qh5 Qg6 23. Qh4 Rg8 24. Rc2 f4 25.
Kh1 f6 26. Qf2 c4 27. Nh4 Qg4 28. bxc4 Nc5 29. Rd2 Nb3 30. Rdd1 Nd4 31. Ng1 Nxa4 32. Ngf3 Nc3 33. Ra1 Nce2 34. Ra2 b3 35. Rxe2 Nxe2 36. Qxe2 Rb8 37. Qb2 a4 38. Ra1 Ra8 39. Ra3 Rgb8 40.
Nf5 Qg8 41. Nxd6 Qf8 42. c5 Kg8 43. Nd2 Qg7 44. N2c4 Qg4 45. Ra1 a3 46. Nxa3 Rxa3 47. Qxa3 b2 48. Rb1 f3 49. g3 f2 50. Kg2 Qe2 51. Qa7 f1=Q# 0-1

[Event "Late-Titled-Tuesday-Blitz-December-26-2023"]
[Site "Chess.com"]
[Date "2023.12.26"]
[Round "5"]
[White "Defenstrator"]
[Black "alvarorodriguezavila"]
[Result "0-1"]
[WhiteElo "2456"]
[BlackElo "2295"]
[TimeControl "180+1"]
[EndTime "14:55:32 PST"]
[Termination "alvarorodriguezavila won by checkmate"]

1. e4 c5 2. Nf3 g6 3. d4 cxd4 4.
Bc4 Nc6 5. Nxd4 Bg7 6. Qf3 Ne5 7. Qc3 Nf6 8. Ne6 fxe6 9. Qxe5 O-O 10. O-O d6 11.
Qd4 Kh8 12. Nc3 Nd5 13. Qd3 Nxc3 14. bxc3 Bd7 15. Rb1 Qc7 16. Bb5 Rac8 17. Be3 b6 18. Bd4 e5 19. Be3 Bxb5 20. Qxb5 Qxc3 21. a4 Qxc2 22. a5 Qxe4 23. axb6 axb6 24. Qxb6 Qc6 25. Qb3 Qd7 26. Rfd1 Rc7 27. Qd5 Rfc8 28. Bb6 Rc4 29. Be3 Qe8 30. Rb7 R4c7 31. Rb6 Qg8 32. Qe4 Qe6 33.
h4 Rc4 34. Qf3 Rxh4 35. Bg5 Rh5 36. Qe3 Qf5 37. f4 Qg4 38. Rf1 exf4 39. Bxf4 Qd7 40.
Qf3 Rf5 41. Rb7 Qe6 42. Qf2 Rcf8 43. g3 Qd5 44. Re1 Bd4 45. Be3 Rxf2 46. Rxe7 Bxe3 47. R7xe3 Qg2# 0-1

[Event "Late-Titled-Tuesday-Blitz-December-26-2023"]
[Site "Chess.com"]
[Date "2023.12.26"]
[Round "5"]
[White "NovakRatko"]
[Black "HalfIsCrayfish"]
[Result "0-1"]
[WhiteElo "2431"]
[BlackElo "2614"]
[TimeControl "180+1"]
[EndTime "14:55:37 PST"]
[Termination "HalfIsCrayfish won on time"]

1. d4 Nf6 2. c4 g6 3. Nc3 d5 4. f3 Bg7 5. e4 dxe4 6. fxe4 e5 7.
d5 O-O 8. Ke2 Nbd7 9. Qc2 c6 10. Bg5 h6 11. Bh4 g5 12. Bg3 cxd5 13.
cxd5 b6 14. Nf3 Qe7 15. h3 Ba6+ 16. Ke1 Bxf1 17. Rxf1 Rac8 18. Rd1 Nc5 19. d6 Qe6 20. Qe2 Nh5 21. Bh2 Nf4 22. Bxf4 exf4 23. Kf2 Bxc3 24. bxc3 Nxe4+ 25. Kg1 Qf5 26. d7 Rcd8 27. Qd3 Qc5+ 28. Kh2 Nf6 29. Qd6 Kg7 30. Qxc5 bxc5 31. Ne5 h5 32. Rd6 Ne4 33. Rd5 Nf6 34. Rd6 Nxd7 35. Rxd7 Rxd7 36. Nxd7 Rd8 37. Nxc5 Rc8 38. Ne4 Kg6 39. Rd1 g4 40. Rd6+ Kf5 41. hxg4+ hxg4 42. Rd4 Rb8 43. Nd6+ Ke5 44. Nxf7+ Kf5 45. Nd6+ Ke5 46. Nc4+ Kf5 47. Nd6+ Ke5 48. Nf7+ Kf5 49. Rd2 g3+ 0-1

[Event "Late-Titled-Tuesday-Blitz-December-26-2023"]
[Site "Chess.com"]
[Date "2023.12.26"]
[Round "5"]
[White "Flaccidmoves"]
[Black "aranibos"]
[Result "1-0"]
[WhiteElo "2396"]
[BlackElo "2153"]
[TimeControl "180+1"]
[EndTime "14:55:37 PST"]
[Termination "Flaccidmoves won by resignation"]

1. e4 c5 2. a3 Nc6 3. b4 cxb4 4. axb4 Nxb4 5. d4 e6 6. c3 Nc6 7. d5 Ne5 8. f4 Ng6 9. Be3 exd5 10. exd5 Bd6 11.
Nf3 Qe7 12. Kf2 Nxf4 13. Bb5 Nf6 14. Bxf4 Bxf4 15. Qd4 Ne4+ 16. Kg1 O-O 17. Bd3 Ng3 18. Qxf4 Nxh1 19. Kxh1 d6 20. Nbd2 g6 21. h4 Kg7 22.
Re1 Qf6 23. Qxf6+ Kxf6 24. Ne4+ Kg7 25. Nxd6 Bg4 26. Nxb7 a5 27. d6 a4 28. Bb5 Bxf3 29. gxf3 a3 30. d7 a2 31. Ra1 Rfb8 32. Bc6 Ra3 33. d8=Q Rxd8 34. Nxd8 Rxc3 35. Rxa2 Rd3 36. Ra8 Kh6 37. Be4 Kh5 38. Bxd3 Kxh4 39. Nxf7 Kg3 40.
Ng5 h5 41. Bxg6 h4 42. Rh8 Kf2 43. Rxh4 Ke3 44. Rh2 Kf4 45. Rg2 Ke5 46. Kh2 Kf6 47. Kg3 Kxg6 48. Kg4 Kf6 49. f4 Ke7 50. f5 Kd6 51.
Kf4 Ke7 52. Ke5 Kf8 53. Ra2 Kg7 54. Ra7+ Kh6 55. Kf4 1-0

[Event "Late-Titled-Tuesday-Blitz-December-26-2023"]
[Site "Chess.com"]
[Date "2023.12.26"]
[Round "5"]
[White "2KTNGO"]
[Black "campochess"]
[Result "1-0"]
[WhiteElo "2500"]
[BlackElo "2166"]
[TimeControl "180+1"]
[EndTime "14:55:37 PST"]
[Termination "2KTNGO won on time"]

1. d3 e5 2. Nf3 Nc6 3. g3 Nf6 4. Bg2 g6 5. O-O Bg7 6. c4 O-O 7. Nc3 d6 8. Rb1 a5 9. a3 Rb8 10. b4 axb4 11. axb4 Bd7 12. b5 Ne7 13. Bb2 c6 14.
Nd2 Qc7 15. Ba3 Nf5 16. Nde4 c5 17. Nxf6+ Bxf6 18. b6 Qd8 19. Bb2 Ne7 20. Qb3 Nc6 21.
Ne4 Be7 22. e3 f5 23. Nc3 Be6 24. Nd5 Rf7 25. Bc3 Qd7 26. Nc7 e4 27. dxe4 Bd8 28. Nxe6 Qxe6 29. exf5 Qxf5 30. Bd5 Kf8 31. Bxf7 Qxf7 32.
f4 Qe6 33. Rfe1 Qe4 34. Rbd1 Be7 35. Rd5 Ra8 36. Kf1 Qh1+ 37. Kf2 Qxh2+ 38. Kf3 Ra2 39. Ke4 Qg2+ 40. Kd3 Nb4+ 41. Bxb4 cxb4 42. Qxb4 Qc2+ 43. Kd4 Bf6+ 44. Re5 Qd2+ 45. Qxd2 Rxd2+ 46. Ke4 dxe5 47. fxe5 Be7 48. Ra1 Rd8 49. Ra5 Kf7 50.
Rd5 Ke6 51. Kd4 Rc8 52. c5 g5 53. g4 Rh8 54. Kc4 h5 55. gxh5 Rxh5 56. Rd4 Kxe5 57. c6 Rh1 58. cxb7 Rc1+ 59. Kb5 Rb1+ 60. Kc6 Rc1+ 61. Kd7 Bf6 62. b8=Q+ 1-0

[Event "Late-Titled-Tuesday-Blitz-December-26-2023"]
[Site "Chess.com"]
[Date "2023.12.26"]
[Round "5"]
[White "Vaporwaffle94"]
[Black "Smile2005"]
[Result "1-0"]
[WhiteElo "2087"]
[BlackElo "2373"]
[TimeControl "180+1"]
[EndTime "14:55:39 PST"]
[Termination "Vaporwaffle94 won by checkmate"]

1. d4 d5 2. c4 dxc4 3. Nf3 Nf6 4. e3 e6 5. Bxc4 Be7 6. O-O Nbd7 7. Qe2 a6 8. Rd1 Nb6 9. Bd3 Bd7 10. Nc3 h6 11. e4 c5 12. d5 exd5 13. exd5 Nbxd5 14. Nxd5 Nxd5 15. Bc4 Be6 16. Bxd5 Bxd5 17. Bf4 Bxf3 18. Rxd8+ Rxd8 19. Qxf3 O-O 20. Qg3 Kh7 21. h3 Rfe8 22. Re1 Bh4 23. Rxe8 Rd1+ 24. Kh2 Bxg3+ 25. Kxg3 Rd3+ 26. f3 b5 27. Re7 Kg6 28. h4 c4 29.
Ra7 c3 30. Rxa6+ f6 31. bxc3 Rxc3 32. Rb6 Ra3 33. Rxb5 Rxa2 34. h5+ Kh7 35. Rb7 Ra5 36. Kg4 Ra4 37. g3 Kg8 38. Kf5 Kh7 39. Ke6 Ra5 40. Kf7 Rxh5 41. Kf8 Rc5 42. Rxg7+ Kh8 43. Bxh6 f5 44. Ke7 f4 45. gxf4 Re5+ 46. Kf8 Re8+ 47. Kf7 Re7+ 48. Kf6 Re6+ 49. Kg5 Re5+ 50. Kg4 Re6 51. Rg5 Rxh6 52. f5 Ra6 53. Rg6 Ra4+ 54. Kg5 Kh7 55. Rb6 Ra7 56. f4 Kg7 57. f6+ Kf7 58.
f5 Rc7 59. Re6 Ra7 60. Re7+ Rxe7 61. fxe7 Kxe7 62. Kg6 Kf8 63. Kf6 Kg8 64. Ke7 Kh7 65. f6 Kg6 66. f7 Kh5 67. f8=Q Kg4 68. Qf6 Kh3 69. Qg5 Kh2 70. Qg4 Kh1 71. Ke6 Kh2 72.
Ke5 Kh1 73. Kf4 Kh2 74. Kf3 Kh1 75. Qg2# 1-0

[Event "Late-Titled-Tuesday-Blitz-December-26-2023"]
[Site "Chess.com"]
[Date "2023.12.26"]
[Round "5"]
[White "Petukhov_Dmitry"]
[Black "Camilla_Lee"]
[Result "1-0"]
[WhiteElo "2478"]
[BlackElo "2596"]
[TimeControl "180+1"]
[EndTime "14:55:41 PST"]
[Termination "Petukhov_Dmitry won by resignation"]

1. e4 e5 2. Nf3 Nc6 3. Bb5 f5 4. d4 fxe4 5. Bxc6 dxc6 6. Nxe5 Nf6 7. O-O Bd6 8. Nc3 Bf5 9. Bf4 Qe7 10. Re1 O-O-O 11.
Bg3 c5 12. Nb5 Bxe5 13. Bxe5 cxd4 14. Bxc7 Rd5 15. c4 dxc3 16. Qb3 a6 17. Qxc3 Rc5 18.
Bd6 Rxc3 19. Bxe7 axb5 20. Bxf6 Rc7 21. Be5 Re7 22. Rac1+ Kd7 23. Rc7+ Ke6 24. Rxe7+ Kxe7 25. Bxg7 Rc8 26. Bc3 Kf7 27. Rd1 Ra8 28. Rd5 Ke6 29. Re5+ Kf6 30. Rxb5+ Kg6 31. a3 Rd8 32. h4 Rd1+ 33.
Kh2 Bc8 34. Rb6+ Kf5 35. Kg3 e3 36. f3 Be6 37. Rb5+ Kg6 38. Re5 Bf5 39. Rxe3 Rg1 40.
Re2 Bd3 41. Rd2 Bc4 42. Kf4 Rf1 43. g4 Kf7 44. Rd7+ Ke6 45. Rxb7 Bd5 46. Rxh7 Rxf3+ 47. Kg5 Be4 48. Rh6+ Ke7 49. Rf6 Rg3 50. Rf4 Bc2 51.
h5 Rh3 52. a4 Rh1 53. a5 Bd3 54. Rd4 Be2 55. Re4+ 1-0